 Dungeon Crawl Stone Soup version 0.28-a0-8-g6e044cfa68 (webtiles) character file.

Game seed: 8658245954334159337

8905 Zonian the Fighter (level 11, 0/95 HPs)
             Began as a Purple Draconian Wanderer on July 24, 2021.
             Was the Champion of Ru.
             Slain by a two-headed ogre (24 damage)
             ... on level 10 of the Dungeon.
             The game lasted 00:41:06 (20811 turns).

Zonian the Fighter (Purple Draconian Wanderer)     Turns: 20811, Time: 00:41:07

Health: 0/95       AC:  8    Str: 12    XL:     11   Next: 16%
Magic:  15/15      EV: 15    Int: 15    God:    Ru [******]
Gold:   616        SH:  0    Dex: 14    Spells: 12/15 levels left

rFire   + . .      SeeInvis .   l - +2 whip (venom)
rCold   . . .      Faith    .   (shield unavailable)
rNeg    . . .      Spirit   .   (armour unavailable)
rPois   +          Reflect  .   p - +1 hat {Int+3}
rElec   +          Harm     .   (no cloak)
rCorr   .          Rampage  .   (no gloves)
Will    +....                   (no boots)
Stlth   ++++......              (no amulet)
HPRegen 0.25/turn               (ring unavailable)
MPRegen 0.14/turn               A - ring "Koyx" {rElec rPois rF+ Str-5 Dex+2}

@: studying Earth Magic
A: breathe power, AC +7, unfitting armour, cold-blooded, missing a hand,
inability to use devices, hated by all, unskilled 1
a: Breathe Dispelling Energy, Renounce Religion, Draw Out Power, Power Leap,
Apocalypse


You were on level 10 of the Dungeon.
You worshipped Ru.
Ru was exalted by your worship.
You visited 1 branch of the dungeon, and saw 10 of its levels.
You also visited: Ossuary and Bailey.

You collected 616 gold pieces.

Inventory:

Hand Weapons
 a - a +2 dagger
 i - a +0 rapier
 l - a +2 whip of venom (weapon)
 n - a +1 vorpal flail
 q - a +3 short sword
 v - a +0 dagger of holy wrath
 w - a +0 scimitar of flaming
Missiles
 e - 2 atropa-tipped darts (quivered)
 u - 7 boomerangs of dispersal
 y - a curare-tipped dart
 B - 17 poisoned darts
Armour
 p - a +1 hat of intelligence (worn)
Magical Staves
 k - a staff of fire
 m - a staff of conjuration
Jewellery
 f - a +4 ring of protection
 h - the ring of Lugonu's Indignation {Ice Will++}
   (You found it on level 6 of the Dungeon)

   [ring of ice]

   It enhances your ice magic.
   rF:        It makes you vulnerable to fire.
   rC:        It protects you from cold.
   Will:      It greatly increases your willpower.
 r - a ring of willpower
 A - the ring "Koyx" (right hand) {rElec rPois rF+ Str-5 Dex+2}
   (You acquired it on level 9 of the Dungeon)

   [ring of protection from fire]

   Str:       It affects your strength (-5).
   Dex:       It affects your dexterity (+2).
   rF:        It protects you from fire.
   rElec:     It insulates you from electricity.
   rPois:     It protects you from poison.
 C - a ring of poison resistance
Scrolls
 j - a scroll of amnesia
 t - 2 scrolls of blinking
 x - a scroll of magic mapping
 E - a scroll of identify
Potions
 b - 3 potions of lignification
 c - 2 potions of attraction
 d - 3 potions of magic
 g - a potion of brilliance
 o - a potion of cancellation
 s - a potion of haste
 z - a potion of mutation
 D - a potion of flight


   Skills:
 + Level 8.4 Fighting
 - Level 2.6 Short Blades
 + Level 7.0 Maces & Flails
 + Level 6.8 Dodging
 + Level 7.7 Stealth
 + Level 2.9 Spellcasting
 + Level 2.3 Air Magic
 + Level 4.5 Poison Magic


You had 12 spell levels left.
You knew the following spells:

 Your Spells              Type           Power      Damage    Failure   Level
a - Mephitic Cloud        Conj/Pois/Air  9%         N/A       24%         3

Your spell library contained the following spells:

 Spells                   Type           Power      Damage    Failure   Level
 Sting                    Tmut/Pois      36%        1d4       8%          1
 Poisonous Vapours        Pois/Air       24%        N/A       8%          2
 Static Discharge         Conj/Air       5%         N/A       19%         2
 Foxfire                  Conj/Fire      8%         2x1d4     21%         1
 Ignite Poison            Fire/Tmut/Pois 6%         N/A       32%         3
 Portal Projectile        Hex/Tloc       4%         N/A       52%         3
 Dispel Undead            Necr           2%         3d7       90%         4
 Sticky Flame             Conj/Fire      2%         2d3       90%         4
 Blade Hands              Tmut           1%         N/A       99%         5
 Excruciating Wounds      Necr           1%         N/A       99%         5
 Freezing Cloud           Conj/Ice/Air   2%         6-21      99%         5
 Summon Small Mammal      Summ           Unusable   N/A       N/A         1
 Call Canine Familiar     Summ           Unusable   N/A       N/A         3
 Summon Guardian Golem    Hex/Summ       Unusable   N/A       N/A         3

Dungeon Overview and Level Annotations

Branches:
Dungeon (10/15)            Temple (0/1) D:5         Ossuary (visited)
 Bailey (visited)
   Lair: D:8-11         Orc: D:9-12

Altars:
Fedhas
Kikubaaqudgha
Makhleb
Ru
Uskayaw
Xom

Shops:
D:10 ?

Portals:
Trove: D:10 (give +6 demon blade)

Annotations:
D:8 Gastronok
D:10 2 runed translucent doors, Harold


Innate Abilities, Weirdness & Mutations

You can breathe bolts of dispelling energy.
Your rich purple scales are hard. (AC +7)
You cannot fit into any form of body armour.
You are cold-blooded and may be slowed by cold attacks.
You are missing a hand.
You cannot study or use magical devices.
You are hated by all.
You are somewhat unskilled. (-1 Apt)


Message History

The killer bee stings the two-headed ogre.
You redirect the killer bee's attack!
The killer bee closely misses itself.
You completely miss the two-headed ogre.
The two-headed ogre is lightly wounded.
The killer bee misses you.
You hit the two-headed ogre but do no damage.
The two-headed ogre is lightly wounded.
The killer bee misses you. The two-headed ogre barely misses you.
The two-headed ogre hits you with a +0 giant spiked club!
You focus your inner power and illuminate the two-headed ogre in retribution!
The killer bee stings you.
Unknown command.
You hit the two-headed ogre but do no damage.
The two-headed ogre looks as sick as possible!
The two-headed ogre is lightly wounded.
You redirect the killer bee's attack!
The killer bee barely misses itself.
The two-headed ogre misses you.
The two-headed ogre hits you with a +0 giant spiked club!!
You focus your inner power and slow the two-headed ogre in retribution!
You hit the two-headed ogre.
The two-headed ogre looks as sick as possible!
The two-headed ogre is moderately wounded.
The killer bee misses you. The killer bee stings you.
You focus your inner power and illuminate the killer bee in retribution!
You hit the two-headed ogre.
The two-headed ogre looks as sick as possible!
Your tail-slap misses the two-headed ogre.
The two-headed ogre is moderately wounded.
The killer bee closely misses you.
Unknown command.
You hit the two-headed ogre.
The two-headed ogre looks as sick as possible!
The two-headed ogre is heavily wounded.
The killer bee closely misses you.
The killer bee stings you but does no damage.
The two-headed ogre hits you with a +0 giant club!!
* * * LOW HITPOINT WARNING * * *
The two-headed ogre hits you with a +0 giant spiked club!!
You die...

## #. #. ######
#.###......
#.#....#... .
#.#.....[.. ...
#.†.O...... ....
#.@y......
....###'#####...
...........#
...........###..
...............>
###........###..
##........####+
#...............
#...............


You could see a two-headed ogre (extremely poisoned, slow, corona) and a killer
bee (corona).

Vanquished Creatures
  Fannar (D:10)
  Erica (D:8)
  Pikel (D:8)
  A kobold demonologist (D:10)
  A komodo dragon (D:7)
  A wyvern (D:9)
  A shadow (D:7)
  4 wraiths
  4 yaks (D:9)
  A steam dragon (D:7)
  A water moccasin (D:5)
  2 ice beasts
  3 orc warriors
  A sky beast (D:5)
  A black bear (D:4)
  5 centaurs
  5 ogres (D:5)
  3 kobold brigands
  A gnoll sergeant (D:9)
  3 bullfrogs
  A water moccasin zombie (D:7)
  3 scorpions
  A wyvern skeleton (D:6)
  A water moccasin skeleton (D:4)
  15 killer bees
  13 wights
  3 howler monkeys (D:7)
  An electric eel (D:10)
  5 centaur zombies
  4 hounds
  4 jellies
  An orc priest (D:7)
  2 gnoll shamans
  2 centaur skeletons
  Natasha (thrice) (D:3)
  5 iguanas
  2 orc wizards (D:6)
  A killer bee zombie (D:9)
  A hound skeleton (D:4)
  A mummy (D:4)
  A howler monkey zombie (D:9)
  Robin (D:3)
  14 gnolls
  5 adders
  A shadow imp (D:7)
  A white imp (D:8)
  2 adder zombies
  3 worms
  5 dart slugs
  27 orcs
  4 endoplasms
  4 giant cockroaches
  14 goblins
  7 hobgoblins
  4 jackals (D:3)
  5 quokkas
  4 ball pythons
  5 bats
  6 frilled lizards
  A hobgoblin zombie (Ossuary)
  16 kobolds
  2 kobold zombies (Ossuary)
  An orc skeleton (Ossuary)
  2 orc zombies (Ossuary)
  7 rats
252 creatures vanquished.

Vanquished Creatures (others)
  A bullfrog (D:9)
  A killer bee (D:8)
  2 orc wizards (D:8)
  An orc (Bailey)
  A ball python (D:3)
  52 plants (D:3)
58 creatures vanquished.

Grand Total: 310 creatures vanquished

Notes
Turn   | Place    | Note
-------+----------+-------------------------------------------
     0 | D:1      | Zonian the Draconian Wanderer began the quest for the Orb.
     0 | D:1      | Zonian set off with the following items: a +2 dagger, a
                  | scroll of fear; and the following spells available to
                  | memorise: Sting, Foxfire, Ignite Poison, Mephitic Cloud
     0 | D:1      | Reached XP level 1. HP: 16/16 MP: 2/2
   296 | D:1      | Reached XP level 2. HP: 21/23 MP: 3/3
   419 | D:1      | Noticed an eye of devastation
   421 | D:1      | Found a faded altar of an unknown god.
   423 | D:1      | Noticed a golden eye
   424 | D:1      | Noticed a floating eye
   424 | D:1      | Noticed an eye of devastation
   442 | D:1      | Became a worshipper of Ru the Awakened
   447 | D:1      | Gained mutation: You cannot study or use magical devices.
                  | [Ru sacrifice]
   447 | D:1      | Reached * piety under Ru
   447 | D:1      | Reached ** piety under Ru
   970 | D:1      | Reached skill level 1 in Short Blades
  1150 | D:2      | Reached skill level 1 in Dodging
  1150 | D:2      | Reached XP level 3. HP: 16/29 MP: 4/4
  1919 | D:2      | Reached skill level 2 in Fighting
  3139 | D:3      | Reached XP level 4. HP: 32/36 MP: 5/5
  3225 | D:3      | Noticed Natasha
  3240 | D:3      | Killed Natasha
  3399 | D:3      | Noticed Natasha
  3436 | D:3      | Killed Natasha
  3486 | D:3      | Noticed Natasha
  3924 | D:3      | Reached XP level 5. HP: 41/42 MP: 6/6
  4095 | D:3      | Killed Natasha
  4601 | D:3      | Noticed Robin
  4621 | D:3      | Reached skill level 3 in Fighting
  4638 | D:3      | Killed Robin
  4938 | D:3      | Gained mutation: You are missing a hand. [Ru sacrifice]
  4938 | D:3      | Reached *** piety under Ru
  4938 | D:3      | Reached **** piety under Ru
  4938 | D:3      | Reached ***** piety under Ru
  5131 | D:4      | Reached XP level 6. HP: 46/51 MP: 7/7
  5673 | D:4      | Found a sand-covered staircase.
  5686 | Ossuary  | Entered an ossuary
  5927 | Ossuary  | Reached skill level 1 in Maces & Flails
  6524 | Ossuary  | Reached skill level 4 in Fighting
  6524 | Ossuary  | Your scales start taking on a rich purple colour.
  6524 | Ossuary  | Reached XP level 7. HP: 30/53 MP: 8/8
  6788 | Ossuary  | Noticed a flying skull
  6788 | Ossuary  | Noticed a wraith
  7028 | Ossuary  | Noticed a flying skull
  7032 | Ossuary  | Noticed a wraith
  7065 | Ossuary  | Killed a wraith
  7254 | Ossuary  | Noticed a flying skull
  7255 | Ossuary  | Noticed a flying skull
  7296 | Ossuary  | Noticed a flying skull
  7302 | Ossuary  | Noticed a wraith
  7325 | Ossuary  | Killed a wraith
  7957 | D:5      | Entered Level 5 of the Dungeon
  8026 | D:5      | Reached skill level 5 in Fighting
  8026 | D:5      | Reached XP level 8. HP: 41/68 MP: 9/9
  8277 | D:5      | Reached skill level 5 in Stealth
  9111 | D:5      | Found an ancient bone altar of Kikubaaqudgha.
  9319 | D:5      | Found a staircase to the Ecumenical Temple.
  9348 | D:5      | Reached skill level 6 in Fighting
  9666 | D:5      | Reached skill level 5 in Dodging
  9868 | D:6      | Identified the ring of Lugonu's Indignation {Ice Will++}
  9978 | D:6      | Gained mutation: You are hated by all. [Ru sacrifice]
 10134 | D:6      | Reached XP level 9. HP: 54/78 MP: 10/10
 10446 | D:7      | Noticed a komodo dragon
 10587 | D:6      | Reached skill level 5 in Maces & Flails
 12511 | D:7      | Killed a komodo dragon
 12512 | D:7      | Reached skill level 7 in Fighting
 15271 | D:7      | Reached XP level 10. HP: 88/88 MP: 11/11
 15399 | D:8      | Reached skill level 8 in Fighting
 15424 | D:8      | Noticed Gastronok
 15512 | D:8      | Found a shimmering altar of Xom.
 15670 | D:8      | Noticed Pikel
 15688 | D:8      | Killed Pikel
 15702 | D:8      | Found a flagged portal.
 15718 | D:8      | Noticed Erica
 15742 | D:8      | Killed Erica
 15998 | Bailey   | Entered a bailey
 16310 | D:8      | Gained mutation: You are somewhat unskilled. (-1 Apt) [Ru
                  | sacrifice]
 16310 | D:8      | Reduced skill Fighting to level 7
 16310 | D:8      | Reached ****** piety under Ru
 16476 | D:8      | Learned a level 3 spell: Mephitic Cloud
 17084 | D:8      | Reached skill level 8 in Fighting
 17752 | D:9      | Reached skill level 1 in Air Magic
 18077 | D:9      | Identified 2 scrolls of acquirement
 18077 | D:9      | Acquired the ring "Koyx" {rElec rPois rF+ Str-5 Dex+2}
 18081 | D:9      | Acquired a +1 hat of intelligence
 18292 | D:9      | Found a hide-covered altar of Uskayaw.
 19022 | D:10     | Entered Level 10 of the Dungeon
 20244 | D:10     | Reached XP level 11. HP: 89/95 MP: 14/14
 20260 | D:10     | Found a portal to a secret trove of treasure.
 20307 | D:10     | Found a burning altar of Makhleb.
 20313 | D:10     | Found Zaycumoi's Magic Scroll Boutique.
 20352 | D:10     | Noticed Fannar
 20396 | D:10     | Killed Fannar
 20742 | D:10     | Found a large runed translucent door.
 20743 | D:10     | Found a large runed translucent door.
 20754 | D:10     | Noticed Harold
 20799 | D:10     | Noticed a two-headed ogre
 20811 | D:10     | Slain by a two-headed ogre

Illustrated notes

Levels and vault maps discovered:
D:1:      dpeg_arrival_fog, layout_loops_ring,
          hellmonk_ecumenical_altar_watching_god
D:2:      layout_loops_ring, feat_on_display
D:3:      layout_loops_ring, serial_bayou, serial_bayou_lagoon_b,
          serial_bayou_pond_b, serial_bayou_pond_c, serial_bayou_pond_b,
          serial_bayou_pond_b, serial_bayou_pond_c, uniq_natasha, uniq_robin
D:4:      layout_loops_ring, gup_ossuary_entry_pyramid
D:5:      layout_loops_ring, lemuel_coloured_pillars_altar,
          minmay_temple_entry_offerings, st_stairs_7
D:6:      layout_gridville, kennysheep_mini_moat
D:7:      layout_basic, wad_mini_maze
D:8:      layout_loops_cross, lemuel_round_altar, enter_bailey_3, uniq_pikel,
          uniq_erica, uniq_gastronok
D:9:      layout_roguey, nicolae_uskayaw_dance_studio
D:10:     layout_basic, nicolae_hepliaklqana_hippocampus, jmf_multi_god_temple2,
          mainiacjoe_overflow_small_starburst, minmay_orc_entry_temple_small,
          serial_shops, shop, enter_trove_3, fungi_pond_lemuel, uniq_harold,
          uniq_fannar, uniq_erolcha

Skill      XL: |  1  2  3  4  5  6  7  8  9 10 11 |
---------------+----------------------------------+-----
Evocations     | 0 |  0.0
Short Blades   | 1 2 |  2.6
Dodging        | 1 2 3 4 5 6 6 |  6.8
Fighting       | 2 3 4 5 6 7 8 |  8.4
Stealth        | 2 3 4 5 7 |  7.7
Bows           | 0 |  0.0
Maces & Flails | 1 3 4 6 6 7 |  7.0
Poison Magic   | 4 |  4.5
Air Magic      | 1 2 |  2.3
Spellcasting   | 2 |  2.9

Action                   |  1- 3 |  4- 6 |  7- 9 | 10-12 || total
-------------------------+-------+-------+-------+-------++-------
Melee: Dagger            |   136 |   290 |   187 |       ||   613
       Tailslap          |    17 |    32 |    91 |    51 ||   191
       Whip              |       |    19 |   313 |   351 ||   683
       Flail             |       |       |    64 |    44 ||   108
Throw: Dart              |     2 |     2 |     3 |     2 ||     9
       Throwing net      |       |       |     1 |       ||     1
       Boomerang         |       |       |       |     1 ||     1
Invok: Sacrifice Artific |     1 |       |       |       ||     1
       Sacrifice a Hand  |       |     1 |       |       ||     1
       Sacrifice Love    |       |       |     1 |       ||     1
       Draw Out Power    |       |       |     1 |     1 ||     2
       Sacrifice Skill   |       |       |       |     1 ||     1
 Abil: Breathe Dispellin |       |       |     7 |     4 ||    11
  Use: Scroll            |     1 |     3 |    11 |     5 ||    20
       Potion            |       |     2 |     5 |     2 ||     9
 Stab: Sleeping          |     6 |     6 |    11 |     8 ||    31
       Distracted        |     1 |       |     4 |     1 ||     6
       Invisible         |     1 |     2 |     5 |     8 ||    16
       Paralysed         |       |       |    14 |     9 ||    23
Armor: Skin              |    38 |    62 |   159 |   173 ||   432
Dodge: Dodged            |    58 |   135 |   320 |   315 ||   828

Table legend: (Time is in decaauts)
 A = Elapsed time spent in this place.
 B = Non-inter-level travel time spent in this place.
 C = Inter-level travel time spent in this place.
 D = Time resting spent in this place.
 E = Time spent auto-exploring this place.
 F = Levels seen in this place.
 G = Mean time per level.
                   A        B        C        D        E       F      G
               +--------+--------+--------+--------+--------+-----+--------+
         Total |  20759 |  20284 |    475 |  10717 |   6166 |  12 | 1729.9 |
       Dungeon |  18732 |  18257 |    475 |   9148 |   6074 |  10 | 1873.2 |
       Ossuary |   1853 |   1853 |      0 |   1449 |     92 |   1 | 1853.0 |
        Bailey |    173 |    173 |      0 |    119 |      0 |   1 |  173.0 |
               +--------+--------+--------+--------+--------+-----+--------+

Top non-repeatable levels by time:
     D:9: 2676 daAuts
     D:6: 2532 daAuts
     D:7: 2380 daAuts
     D:2: 2235 daAuts
     D:5: 2226 daAuts
     D:8: 1943 daAuts
 Ossuary: 1853 daAuts
     D:3: 1647 daAuts
     D:4: 1333 daAuts
     D:1: 1125 daAuts
    D:10: 631 daAuts
  Bailey: 173 daAuts
